Map: Sludge City

Players

LeMat

  • Race: Zerg Zerg
  • League: Gold
  • Spawn Location: 5:00

Enrique

  • Race: Zerg Zerg
  • League: Bronze
  • Spawn Location: 5:00

estuberto - Winner!

  • Race: Zerg Zerg
  • Spawn Location: 11:00

brocraft - Winner!

  • Race: Protoss Protoss
  • Spawn Location: 9:00

VOD

Have the link to the VOD?

Description

Time

  • Played on: Jan. 30, 2016, 12:25 p.m.
  • Length: 22:31
Show
View Real Time Build Order
Export as new Build Order

LeMat Zerg 

Build Orders: Pool First 

Get SALT Encoding   

  12  0:03  Drone  
  13  0:09  Drone  
  14  0:18  Overlord  
  14  0:33  Extractor  
  13  0:39  Spawning Pool  
  13  0:40  Drone  
  13  0:44  Drone  
  13  0:48  Drone  
  15  0:57  Drone  
  16  1:25  Hatchery  
  16  1:30  Drone  
  16  1:32  Drone  
  17  1:37  Metabolic Boost  
  17  1:42  Drone  
  18  1:48  Drone  
  19  1:58  Queen  
  21  2:05  Overlord  
  21  2:25  Zergling x6  
  24  2:37  Overlord  
  24  2:40  Queen  
  24  2:41  Drone  
  27  2:47  Zergling x2  
  28  2:53  Zergling x2  
  28  2:58  Lair  
  29  3:00  Zergling x2  
  29  3:02  Zergling x2  
  31  3:10  Zergling x2  
  31  3:11  Zergling x4  
  34  3:14  Drone  
  34  3:15  Drone  
  36  3:21  Zergling x2  
  37  3:35  Zergling x6  
  36  3:58  Zergling x8  
  37  4:07  Zergling x6  
  37  4:08  Zergling x6  
  40  4:22  Zergling x2  
  40  4:23  Zergling x2  
  40  4:38  Drone x2  
  40  4:43  Drone x2, Roach Warren  
  40  4:51  Zergling x4  
  41  4:57  Drone  
  41  4:59  Extractor  
  34  5:19  Drone x2  
  36  5:22  Hatchery  
  35  5:29  Drone  
  35  5:30  Drone x2  
  35  5:33  Extractor  
  37  5:38  Glial Reconstitution  
  37  5:40  Drone x5  
  37  5:41  Drone  
  42  5:53  Roach  
  43  5:59  Overlord x2  
  43  6:00  Overlord  
  43  6:13  Overlord  
  43  6:14  Overlord  
  43  6:26  Drone  
  43  6:27  Drone  
  43  6:28  Extractor  
  43  6:30  Overlord x3  
  44  6:34  Spore Crawler  
  44  6:36  Spore Crawler  
  42  6:40  Spore Crawler  
  42  6:43  Drone  
  42  6:44  Drone, Spore Crawler  
  42  6:47  Roach  
  42  6:48  Roach, Queen  
  48  6:57  Drone x4  
  52  7:01  Roach  
  52  7:08  Roach  
  56  7:09  Roach x5  
  66  7:36  Roach x7  
  66  7:37  Roach x2  
  75  7:48  Roach x5  
  85  7:52  Roach  
  87  8:02  Evolution Chamber, Drone  
  87  8:03  Evolution Chamber  
  86  8:06  Roach x4  
  94  8:13  Drone  
  94  8:19  Roach x2  
  99  8:27  Drone  
  99  8:30  Zerg Missile Weapons Level 1, Zerg Ground Armor Level 1  
  100  8:38  Roach x2  
  100  8:39  Roach  
  106  8:44  Overlord x3  
  106  8:45  Overlord x3  
  94  9:24  Roach  
  94  9:25  Roach x9  
  94  9:30  Roach x2  
  118  9:33  Overseer  
  102  10:02  Roach  
  102  10:03  Roach x4  
  63  10:28  Drone x3  
  56  10:41  Drone  
  56  10:42  Drone  
  56  10:52  Roach x5  
  56  10:56  Hatchery  
  65  11:08  Roach x2  
  65  11:09  Roach x2  
  73  11:16  Hatchery  
  72  11:21  Spore Crawler  
  72  11:25  Zerg Ground Armor Level 2, Zerg Missile Weapons Level 2  
  71  11:37  Spire  
  70  11:41  Roach  
  70  11:42  Roach x7  
  86  12:05  Roach x4  
  94  12:16  Drone  
  95  12:28  Roach  
  95  12:29  Roach x5  
  107  12:33  Spore Crawler  
  107  12:35  Spore Crawler  
  103  12:42  Roach x4  
  108  12:53  Roach  
  108  12:54  Roach x3  
  116  13:07  Roach x3  
  118  13:20  Roach  
  118  13:21  Roach x2  
  100  13:36  Roach x2  
  104  13:42  Drone  
  77  14:30  Roach x5  
  49  15:07  Spore Crawler  
  48  15:15  Drone  
  49  15:32  Spore Crawler  
  48  15:42  Spore Crawler  
  47  15:43  Hatchery  
  46  15:51  Drone x3  
  46  15:54  Extractor  
  48  15:58  Extractor  
  47  16:17  Queen  
  49  16:19  Drone  
  49  16:20  Drone x5  
  49  16:21  Drone  
  50  16:35  Drone  
  51  16:45  Roach x2  
  55  17:00  Drone  
  55  17:01  Drone x2  
  58  17:06  Roach  
  58  17:07  Roach  
  62  17:22  Roach  
  64  17:25  Drone  
  64  17:47  Roach  
  64  17:48  Roach x9  
  82  17:56  Roach  
  82  17:57  Roach x2  
  82  18:13  Roach  
  82  18:14  Roach x5  
  86  18:27  Drone x3  
  89  18:40  Drone x2  
  91  18:46  Drone  
  92  18:50  Drone x2  
  92  18:51  Drone x2  
  84  19:04  Drone  
  84  19:05  Drone  
  72  19:32  Drone  
  72  19:33  Drone  
  74  19:39  Drone  
  74  19:40  Drone x2  
  77  19:54  Drone  
  78  20:00  Hatchery  
  77  20:25  Roach x6  
  81  20:37  Roach  
  81  20:38  Roach  
  59  21:11  Roach x5  
  47  21:26  Drone x2  
  47  21:29  Drone  
  47  21:30  Drone  
  51  21:40  Drone  
  51  21:50  Drone  
  51  22:04  Drone  
  51  22:07  Roach x2  
  58  22:08  Roach  
Show
View Real Time Build Order
Export as new Build Order

Enrique Zerg 

Build Orders: Pool First 

Get SALT Encoding   

  12  0:04  Drone  
  13  0:10  Drone  
  14  0:17  Overlord  
  15  0:35  Drone  
  15  0:44  Drone x2  
  17  0:54  Spawning Pool  
  16  1:09  Extractor  
  16  1:11  Drone x3  
  18  1:38  Hatchery  
  18  1:39  Drone x2  
  19  1:45  Queen  
  21  1:52  Overlord  
  20  2:19  Zergling x6  
  23  2:26  Spine Crawler  
  23  2:27  Metabolic Boost  
  22  2:35  Zergling x2  
  23  2:44  Spine Crawler  
  22  2:46  Zergling x2  
  23  2:57  Evolution Chamber  
  23  2:58  Drone x2  
  23  2:59  Drone x2  
  26  3:07  Queen  
  28  3:15  Overlord  
  28  3:25  Zerg Melee Weapons Level 1  
  28  3:28  Drone  
  28  3:29  Drone  
  28  3:31  Zergling x2  
  31  3:42  Lair  
  31  3:50  Zergling x2  
  32  4:03  Zergling x2  
  32  4:04  Zergling x8  
  32  4:06  Overlord  
  35  4:35  Overlord  
  35  4:36  Zergling x4  
  35  4:37  Zergling x6  
  35  4:38  Zergling x4  
  37  4:57  Zergling x4  
  37  4:59  Zergling x2  
  40  5:00  Zergling x2  
  36  5:23  Zergling x6  
  36  5:25  Zergling x4  
  33  5:48  Zergling x6  
  33  5:50  Drone  
  33  5:51  Drone x2  
  33  5:56  Zerg Ground Armor Level 1  
  36  6:00  Overlord x2  
  36  6:13  Hatchery  
  36  6:16  Drone x2  
  36  6:17  Drone x2  
  36  6:18  Overlord x2  
  39  6:27  Infestation Pit  
  39  6:29  Extractor  
  37  6:33  Drone x2  
  37  6:34  Hydralisk Den  
  38  6:41  Overseer x2  
  38  6:46  Zergling x4  
  38  6:47  Zergling x2  
  41  6:48  Zergling x4  
  43  7:21  Hydralisk x3  
  49  7:23  Zergling x8  
  49  7:24  Zergling x4  
  49  7:26  Zergling x4  
  49  7:29  Zergling x2  
  58  7:39  Zergling x6  
  58  7:40  Zergling x2  
  58  7:43  Zergling x2  
  63  8:06  Drone x2  
  63  8:07  Overlord  
  63  8:08  Drone  
  63  8:09  Drone  
  67  8:18  Hydralisk x3  
  73  8:24  Zerg Missile Weapons Level 1  
  73  8:40  Overlord x3  
  73  8:43  Zergling x4  
  73  8:44  Extractor  
  74  8:50  Extractor  
  74  8:52  Hydralisk x3  
  79  9:34  Lurker Den  
  79  9:51  Zergling x4  
  79  9:52  Zergling x4  
  83  9:53  Hydralisk x5  
  83  9:55  Extractor  
  83  9:56  Hydralisk  
  83  9:57  Zergling x2  
  83  9:58  Zergling x12  
  101  10:08  Hive  
  77  10:46  Hydralisk x2  
  77  10:47  Hydralisk x5  
  77  10:49  Zergling x2  
  92  10:50  Zergling x8  
  96  11:27  Spire  
  96  11:30  Hydralisk  
  96  11:31  Hydralisk x2  
  101  11:50  Zerg Missile Weapons Level 2  
  101  12:18  Hydralisk x3  
  101  12:19  Overlord x2  
  101  12:20  Overlord  
  107  12:24  Overlord  
  107  12:25  Overlord x2  
  107  12:34  Muscular Augments  
  107  12:38  Lurker x2  
  107  12:39  Lurker  
  107  12:43  Mutalisk x2  
  112  12:45  Mutalisk  
  112  12:46  Mutalisk  
  112  12:48  Zergling x6  
  96  13:38  Mutalisk x3  
  96  13:41  Mutalisk x3  
  101  13:56  Mutalisk  
  101  13:58  Overlord  
  99  14:32  Queen  
  99  14:35  Overlord x2  
  99  14:38  Drone x2  
  103  14:41  Drone  
  104  14:52  Mutalisk  
  106  15:15  Hydralisk  
  106  15:17  Drone x2  
  106  15:20  Zerg Flyer Weapons Level 1  
  110  15:23  Zerg Ground Armor Level 2  
  110  15:31  Drone x3  
  110  15:33  Drone  
  103  15:48  Mutalisk x3  
  109  15:51  Zergling x2  
  109  15:53  Zergling x2  
  109  15:55  Zergling x2  
  112  16:10  Roach Warren  
  81  17:10  Zergling x4  
  81  17:11  Mutalisk x3  
  81  17:12  Mutalisk  
  91  17:15  Zergling x2  
  91  17:16  Zergling x10  
  68  18:16  Hydralisk x3  
  72  18:23  Queen  
  74  18:41  Glial Reconstitution  
  74  18:45  Roach x2  
  74  18:48  Roach x3  
  84  18:49  Roach x2  
  84  18:50  Roach  
  69  19:42  Hydralisk x3  
  75  19:47  Zerg Missile Weapons Level 3  
  75  19:55  Roach x2  
  75  19:56  Roach x2  
  75  19:58  Ravager x3  
  75  19:59  Ravager x5  
  91  20:05  Extractor  
  90  20:11  Roach x3  
  90  20:13  Roach x2  
  76  20:28  Roach x3  
  82  20:30  Roach  
  82  20:31  Drone, Roach  
  78  21:00  Roach x2  
  78  21:01  Roach  
  78  21:03  Mutalisk x3  
  63  21:23  Mutalisk  
  65  21:29  Mutalisk x2  
  69  21:33  Hydralisk  
  69  21:35  Hydralisk x3  
  77  21:57  Hatchery  
Show
View Real Time Build Order
Export as new Build Order

estuberto Zerg - Winner!

Build Orders: Pool First 

Get SALT Encoding   

  12  0:20  Spawning Pool  
  11  0:26  Drone  
  11  0:27  Drone  
  13  0:32  Drone  
  14  0:52  Extractor  
  13  1:04  Overlord  
  13  1:08  Zergling x2  
  14  1:13  Zergling x2, Extractor  
  14  1:22  Queen  
  16  1:31  Roach Warren  
  15  1:45  Drone  
  15  1:46  Drone x2  
  18  2:11  Hatchery  
  17  2:22  Roach  
  19  2:30  Drone x2  
  21  2:38  Overlord  
  21  2:48  Metabolic Boost  
  21  3:10  Drone x3  
  24  3:16  Drone x2  
  24  3:17  Drone  
  27  3:24  Drone x2  
  29  3:43  Lair  
  29  3:45  Pneumatized Carapace  
  29  4:03  Roach x3  
  35  4:18  Drone  
  34  4:25  Drone x2  
  31  4:34  Drone x3  
  31  4:37  Drone x2  
  27  4:42  Queen  
  27  4:45  Spine Crawler  
  25  4:47  Spine Crawler  
  25  4:52  Drone x3, Spine Crawler  
  26  5:05  Roach x2  
  28  5:32  Spine Crawler  
  28  5:35  Zergling x4  
  25  5:45  Spine Crawler  
  24  5:50  Queen  
  24  5:56  Drone x2  
  28  6:06  Drone x2, Extractor  
  29  6:12  Spine Crawler  
  29  6:18  Drone x2  
  30  6:22  Spine Crawler  
  29  6:41  Zergling x8  
  29  6:42  Zergling x6  
  36  6:53  Overlord x2  
  36  7:16  Extractor  
  35  7:25  Overlord x2  
  32  7:47  Drone x5  
  32  7:48  Drone x2  
  39  8:12  Spire  
  38  8:25  Spore Crawler  
  37  8:30  Drone x6  
  42  8:59  Zergling x4  
  42  9:00  Zergling x16  
  50  9:13  Zergling x4  
  50  9:14  Zergling x2  
  49  9:29  Overlord x5  
  49  9:31  Mutalisk  
  51  9:41  Mutalisk x2  
  44  10:02  Zergling x10  
  44  10:03  Zergling x2  
  42  10:09  Mutalisk  
  42  10:10  Mutalisk x2  
  48  10:17  Mutalisk  
  44  10:47  Hatchery  
  41  11:17  Roach Warren  
  40  11:32  Mutalisk x4  
  48  12:07  Hatchery  
  47  12:14  Mutalisk x3  
  53  12:25  Drone x3  
  53  12:27  Queen  
  58  12:47  Mutalisk x3  
  48  13:23  Mutalisk x3  
  48  13:24  Mutalisk  
  54  13:46  Mutalisk  
  52  14:05  Roach  
  44  14:20  Zergling x2  
  37  14:44  Drone  
  38  14:51  Drone  
  40  15:21  Drone x3  
  42  15:43  Zergling x8  
  42  15:44  Zergling x2  
  47  15:56  Drone  
  47  15:57  Drone x4  
  51  16:01  Zergling x2  
  51  16:02  Zergling x2  
  52  16:31  Drone x10  
  52  16:32  Drone x3  
  59  16:52  Roach x7  
  71  17:00  Zergling x10  
  75  17:27  Glial Reconstitution  
  68  17:48  Queen  
  63  17:52  Hydralisk Den  
  63  17:54  Drone x6, Extractor  
  67  18:05  Zergling x2  
  67  18:06  Zergling x14  
  75  18:17  Zergling x8  
  75  18:18  Zergling x10  
  84  18:32  Hatchery  
  79  18:36  Zergling x2  
  79  18:37  Zergling x6  
  81  19:02  Infestation Pit  
  74  19:31  Zergling x10  
  71  19:32  Zergling x8  
  71  19:37  Drone x3  
  82  19:55  Extractor  
  82  19:56  Hydralisk x5  
  82  19:57  Hydralisk x5, Extractor  
  90  20:24  Hydralisk, Zergling x2  
  90  20:25  Hydralisk x9  
  104  20:33  Drone x6, Queen  
  109  20:38  Hive  
  109  20:56  Muscular Augments  
  95  20:57  Drone x6  
  95  21:04  Hydralisk x4  
  98  21:23  Hatchery  
  89  21:28  Hydralisk x4  
  89  21:29  Hydralisk x8  
  89  21:30  Hydralisk  
  107  21:36  Overlord x3  
  107  21:37  Overlord  
  107  21:40  Zergling x2  
  107  21:41  Zergling x4  
  107  21:46  Extractor  
  109  21:48  Extractor  
  109  21:49  Drone x2  
  110  22:05  Roach x5  
  110  22:06  Roach x7  
Show
View Real Time Build Order
Export as new Build Order

brocraft Protoss - Winner!

Build Orders: Forge Fast Expand (FFE) 

Get SALT Encoding   

  12  0:02  Probe (Chrono Boost)  
  14  0:14  Probe (Chrono Boost)  
  14  0:19  Pylon  
  14  0:24  Probe (Chrono Boost)  
  15  0:37  Probe (Chrono Boost)  
  16  0:43  Forge  
  16  0:48  Probe (Chrono Boost)  
  17  1:01  Probe (Chrono Boost)  
  18  1:24  Nexus  
  18  1:25  Probe (Chrono Boost)  
  19  1:39  Probe (Chrono Boost)  
  20  1:49  Photon Cannon  
  20  1:53  Pylon  
  20  1:58  Probe (Chrono Boost)  
  20  1:59  Gateway  
  20  2:01  Assimilator  
  22  2:08  Probe (Chrono Boost)  
  22  2:18  Photon Cannon  
  22  2:20  Probe (Chrono Boost)  
  23  2:31  Gateway  
  23  2:32  Probe (Chrono Boost)  
  23  2:36  Probe (Chrono Boost)  
  25  2:38  Assimilator  
  25  2:47  Cybernetics Core  
  25  2:51  Probe (Chrono Boost)  
  26  2:53  Probe (Chrono Boost)  
  27  3:07  Gateway  
  27  3:09  Probe (Chrono Boost)  
  27  3:12  Assimilator  
  28  3:15  Probe (Chrono Boost)  
  29  3:22  Photon Cannon  
  29  3:23  Gateway, Probe (Chrono Boost)  
  29  3:26  Probe (Chrono Boost)  
  31  3:28  Warp Gate (Chrono Boost)  
  31  3:33  Stalker (Chrono Boost)  
  33  3:37  Sentry (Chrono Boost)  
  33  3:39  Probe  
  33  3:40  Probe  
  35  3:56  Mothership Core  
  39  4:06  Zealot (Chrono Boost)  
  39  4:18  Probe  
  40  4:24  Probe  
  41  4:33  Stalker (Chrono Boost)  
  41  4:37  Stalker (Chrono Boost)  
  45  4:42  Pylon  
  45  4:43  Assimilator  
  45  4:59  Zealot (Chrono Boost)  
  45  5:00  Zealot x2 (Chrono Boost)  
  45  5:04  Pylon  
  45  5:06  Zealot (Chrono Boost)  
  49  5:11  Probe  
  49  5:12  Probe  
  53  5:29  Robotics Facility  
  51  5:40  Zealot x3  
  51  5:41  Zealot  
  59  5:55  Probe  
  60  5:58  Gateway  
  60  6:02  Pylon  
  60  6:06  Stalker  
  60  6:08  Photon Cannon  
  62  6:14  Pylon  
  62  6:19  Probe  
  62  6:20  Probe, Pylon  
  64  6:25  Zealot  
  64  6:26  Zealot x2  
  64  6:28  Pylon  
  70  6:38  Protoss Ground Weapons Level 1 (Chrono Boost)  
  70  6:42  Observer  
  70  6:46  Probe  
  72  6:50  Pylon  
  72  6:54  Probe  
  73  7:01  Nexus  
  73  7:04  Probe  
  74  7:09  Probe  
  74  7:10  Gateway  
  74  7:12  Gateway  
  74  7:13  Gateway  
  74  7:15  Stalker, Probe, Pylon  
  75  7:16  Stalker  
  80  7:23  Stalker  
  80  7:24  Stalker  
  83  7:40  Zealot  
  83  7:41  Zealot  
  87  7:48  Probe  
  88  7:57  Gateway  
  88  7:59  Probe  
  88  8:00  Probe  
  90  8:08  Assimilator  
  90  8:12  Photon Cannon  
  90  8:13  Probe, Assimilator  
  90  8:18  Robotics Bay  
  90  8:19  Warp Prism  
  91  8:21  Probe x2  
  91  8:25  Probe  
  96  8:27  Sentry x2  
  96  8:31  Probe  
  101  8:38  Stalker  
  101  8:39  Stalker, Sentry  
  108  8:41  Probe x2  
  109  8:59  Stalker x3  
  109  9:00  Stalker  
  113  9:25  Stalker  
  113  9:26  Stalker x5  
  125  9:41  Pylon x2  
  125  10:00  Zealot x3  
  125  10:01  Zealot x3  
  137  10:13  Zealot x2  
  129  10:15  Probe  
  129  10:16  Probe  
  129  10:19  Probe, Forge  
  130  10:23  Photon Cannon  
  130  10:25  Probe  
  129  10:28  Probe  
  112  10:44  Stalker  
  112  10:45  Stalker  
  112  10:47  Adept x3  
  112  10:48  Stalker x2  
  130  11:00  Probe  
  126  11:11  Disruptor (Chrono Boost)  
  126  11:13  Protoss Ground Armor Level 1 (Chrono Boost)  
  129  11:21  Probe, Twilight Council  
  129  11:22  Probe  
  129  11:23  Protoss Shields Level 1 (Chrono Boost)  
  129  11:24  Pylon  
  131  11:27  Stalker x3  
  131  11:28  Stalker  
  139  11:35  Pylon  
  139  11:39  Pylon  
  139  11:44  Stalker x2  
  143  11:58  Probe  
  143  12:00  Disruptor (Chrono Boost)  
  147  12:11  Stalker x2  
  147  12:12  Stalker x2  
  155  12:24  Pylon  
  155  12:34  Nexus  
  153  12:46  Stalker x3  
  153  12:49  Charge (Chrono Boost)  
  104  13:46  Stalker x4  
  104  13:47  Stalker x4  
  116  14:00  Probe x2  
  118  14:03  Disruptor  
  118  14:06  Extended Thermal Lance  
  121  14:10  Zealot x3  
  121  14:11  Stalker, Zealot  
  119  14:38  Pylon  
  115  14:39  Pylon  
  115  14:41  Colossus  
  121  14:49  Pylon, Blink (Chrono Boost)  
  121  14:53  Gateway, Zealot  
  121  14:55  Sentry x4  
  121  14:56  Gateway  
  131  15:06  Assimilator  
  131  15:08  Assimilator  
  131  15:12  Photon Cannon  
  131  15:20  Stalker  
  133  15:21  Sentry  
  135  15:38  Robotics Facility  
  133  15:43  Colossus (Chrono Boost)  
  139  15:53  Gateway  
  139  16:00  Protoss Ground Armor Level 2 (Chrono Boost)  
  139  16:02  Dark Shrine  
  139  16:04  Pylon  
  139  16:08  Templar Archives  
  139  16:13  Zealot  
  139  16:15  Sentry x2, Protoss Shields Level 2 (Chrono Boost)  
  139  16:16  Stalker x4  
  153  16:30  Sentry  
  153  16:31  Sentry x2  
  159  16:40  Probe x2, Colossus (Chrono Boost)  
  159  17:05  Observer (Chrono Boost)  
  156  17:10  Stalker x2  
  156  17:11  Stalker x3  
  166  17:16  Pylon  
  166  17:18  Pylon  
  166  17:27  Observer (Chrono Boost)  
  166  17:28  Pylon  
  167  17:31  Colossus (Chrono Boost)  
  171  18:03  Stalker x4  
  171  18:04  Stalker x2  
  163  18:36  Colossus (Chrono Boost)  
  163  18:37  Immortal (Chrono Boost)  
  163  18:38  Stalker x4  
  163  18:39  Stalker x2  
  143  19:30  Protoss Ground Weapons Level 2  
  130  19:39  Stalker x2  
  130  19:40  Stalker x4  
  130  19:41  Stalker  
  130  19:42  Colossus (Chrono Boost)  
  150  19:49  Stalker  
  150  19:50  Stalker, Sentry x3  
  160  20:06  Disruptor (Chrono Boost)  
  115  21:21  Colossus (Chrono Boost)  
  115  21:23  Colossus (Chrono Boost)  
  115  21:25  Probe  
  127  21:32  Stalker x3  
  134  21:44  Stalker x3  
  134  21:45  Stalker x2  
  134  21:46  Sentry x3  
Tags
 
Add a new tag
Caveats
  • Supply blocks, unpowered buildings, or Contaminate may cause inaccurate times.
  • Supply counts are checked every 10 seconds.